 Dungeon Crawl Stone Soup version 0.20.1-1-g8b1a95d66d (webtiles) character file.

532 Ivernyr the Slinger (level 7, 0/45 HPs)
             Began as a Halfling Hunter on Dec 8, 2017.
             Slain by an ogre
             ... wielding a +0 giant spiked club
              (27 damage)
             ... on level 4 of the Dungeon.
             The game lasted 00:44:12 (5063 turns).

Ivernyr the Slinger (Halfling Hunter)               Turns: 5063, Time: 00:44:13

Health: 0/45       AC:  7    Str: 13    XL:     7   Next: 49%
Magic:  7/7        EV: 15    Int: 11    God:
Gold:   92         SH:  0    Dex: 15    Spells: 6/6 levels left

rFire    + . .     SeeInvis +   a - +1 hunting sling
rCold    . . .     Gourm    .   (shield restricted)
rNeg     . . .     Faith    .   y - +2 ring mail {rF+}
rPois    .         Spirit   .   (no helmet)
rElec    .         Reflect  .   (no cloak)
rCorr    .         Harm     .   (no gloves)
MR       .....                  (no boots)
Stlth    +.........             (no amulet)
Regen    0.2/turn               p - ring of see invisible
MPRegen  0.1/turn               (no ring)

@: no status effects
A: mutation resistance 1
a: no special abilities


You were on level 4 of the Dungeon.
You were not hungry.

You visited 1 branch of the dungeon, and saw 4 of its levels.
You also visited: Ossuary.

You collected 92 gold pieces.

Inventory:

Hand Weapons
 a - a +1 hunting sling (weapon)
 b - a +0 short sword
Missiles
 d - 31 sling bullets
 h - 2 throwing nets
 x - 17 stones (quivered)
 A - 11 poisoned needles
Armour
 y - a +2 ring mail of fire resistance (worn)
 B - a +0 buckler
Jewellery
 p - a ring of see invisible (left hand)
Wands
 u - a wand of random effects (28/48)
Scrolls
 c - a scroll of noise {unknown}
 j - 2 scrolls of fear
 k - a scroll of remove curse
 m - 2 scrolls of recharging
 n - 2 scrolls of enchant weapon {unknown}
 o - 2 scrolls of amnesia {unknown}
 s - a scroll of fog {unknown}
 t - a scroll of magic mapping {unknown}
 z - 2 scrolls of blinking {unknown}
 C - a scroll of random uselessness {unknown}
Potions
 e - a potion of haste {unknown}
 g - a potion of magic {unknown}
 l - 3 potions of agility
 q - 2 potions of brilliance {unknown}
 r - 2 potions of heal wounds {unknown}
 v - a potion of ambrosia {unknown}
Comestibles
 f - 3 bread rations
 i - 2 meat rations
 w - 2 chunks of flesh


   Skills:
 - Level 2.0 Fighting
 - Level 3.0 Short Blades
 * Level 9.4 Slings
 + Level 1.9 Armour
 + Level 4.2 Dodging
 - Level 1.1 Stealth
 + Level 1.9 Shields


You had 6 spell levels left.
You didn't know any spells.

Dungeon Overview and Level Annotations

Branches:
Dungeon (4/15)
 Temple: D:4-7

Altars:
Kikubaaqudgha


Innate Abilities, Weirdness & Mutations

You are small and have problems with some larger weapons.
You are somewhat resistant to further mutation.


Message History

You shoot a stone. The stone hits the ogre.
The ogre is lightly wounded.
Firing (i - inventory. (,) - cycle):
x - 20 stones (quivered)
Press: ? - help, Shift-Dir - straight line, f/p - ogre
Aim: an ogre, wielding a giant spiked club (lightly wounded)
You shoot a stone. The stone hits the ogre.
The ogre is moderately wounded.
The ogre hits you with a giant spiked club!!
Firing (i - inventory. (,) - cycle):
x - 19 stones (quivered)
Press: ? - help, Shift-Dir - straight line, f/p - ogre
Aim: an ogre, wielding a giant spiked club (moderately wounded)
You shoot a stone. The stone barely misses the ogre.
Firing (i - inventory. (,) - cycle):
x - 18 stones (quivered)
Press: ? - help, Shift-Dir - straight line, f/p - ogre
Aim: an ogre, wielding a giant spiked club (moderately wounded)
You shoot a stone. The stone hits the ogre.
The ogre is moderately wounded.
The ogre hits you with a giant spiked club!!
Ouch! That really hurt!
You die...

#......##...#
#.......#...#
#.......#...#
#.......#...#
#.......#...#######
#......##.........#
##+######.........#
#.........#
#....@(...#
#.....O...#
#......(..+
###########


You could see an ogre.

Vanquished Creatures
  Sigmund (D:3)
  A human zombie (Ossuary)
  A centaur zombie (Ossuary)
  A hound (D:4)
  Ijyb (D:3)
  Terence (D:3)
  An iguana (D:4)
  3 big kobold zombies (Ossuary)
  A mummy (Ossuary)
  2 adders (D:3)
  An adder zombie (Ossuary)
  2 worms
  A dart slug (D:4)
  3 leopard geckos
  An orc (D:2)
  3 ball pythons (D:1)
  3 giant cockroaches
  9 hobgoblins
  16 jackals
  2 quokkas (D:2)
  12 bats
  3 frilled lizards
  4 goblins
  2 goblin zombies (Ossuary)
  4 hobgoblin zombies (Ossuary)
  A jackal zombie (Ossuary)
  4 kobolds
  9 kobold zombies (Ossuary)
  10 orc zombies (Ossuary)
  7 rats
110 creatures vanquished.

Notes
Turn   | Place    | Note
-------+----------+-------------------------------------------
     0 | D:1      | Ivernyr the Halfling Hunter began the quest for the Orb.
     0 | D:1      | Reached XP level 1. HP: 14/14 MP: 1/1
   101 | D:1      | Reached skill level 6 in Slings
   329 | D:1      | Reached XP level 2. HP: 19/19 MP: 2/2
   777 | D:1      | Reached XP level 3. HP: 23/24 MP: 3/3
  1159 | D:2      | Reached skill level 1 in Short Blades
  1510 | D:2      | Reached skill level 7 in Slings
  2000 | D:2      | Reached XP level 4. HP: 29/29 MP: 4/4
  2197 | D:3      | Noticed Terence
  2206 | D:3      | Killed Terence
  2240 | D:3      | Noticed Ijyb
  2281 | D:3      | Killed Ijyb
  2281 | D:3      | Reached XP level 5. HP: 14/34 MP: 5/5
  2948 | D:3      | Noticed Sigmund
  2960 | D:3      | Killed Sigmund
  2960 | D:3      | Reached skill level 8 in Slings
  2960 | D:3      | Reached XP level 6. HP: 33/39 MP: 6/6
  3533 | D:4      | Found an ancient bone altar of Kikubaaqudgha.
  3609 | D:4      | Found a sand-covered staircase.
  3615 | Ossuary  | Entered an ossuary
  3695 | Ossuary  | Reached skill level 1 in Shields
  3714 | Ossuary  | Noticed dengdeng's ghost (novice DsBe)
  3885 | Ossuary  | Reached skill level 9 in Slings
  3885 | Ossuary  | Reached XP level 7. HP: 9/45 MP: 7/7
  3980 | Ossuary  | HP: 2/45 [mummy (7)]
  3981 | Ossuary  | Reached skill level 1 in Armour
  5063 | D:4      | Slain by an ogre

Skill      XL: |  1  2  3  4  5  6  7 |
---------------+----------------------+-----
Slings         | 6 7 8 9 |  9.4
Fighting       | 2 |  2.0
Short Blades   | 1 2 3 |  3.0
Dodging        | 3 4 |  4.2
Shields        | 1 |  1.9
Armour         | 1 |  1.9
Stealth        | |  1.1

Action                   |  1- 3 |  4- 6 |  7- 9 || total
-------------------------+-------+-------+-------++-------
Melee: Short sword       |   171 |   208 |    89 ||   468
 Fire: Hunting sling     |     3 |    89 |    79 ||   171
  Use: Scroll            |       |     5 |       ||     5
 Stab: Sleeping          |     4 |       |       ||     4
  Eat: Chunk             |     2 |     6 |     3 ||    11
       Fruit             |       |       |     3 ||     3
Armor: Leather armour    |    39 |     4 |       ||    43
       Ring mail         |       |    56 |    33 ||    89
Dodge: Dodged            |   156 |   193 |    91 ||   440
